 Dungeon Crawl Stone Soup version 0.27-a0-1193-g8631133539 (webtiles) character file.

Game seed: 6736475285296368853

614 Froggeryz the Cudgeller (level 7, -1/61 HPs)
             Began as a Gargoyle Delver on May 25, 2021.
             Was an Initiate of Okawaru.
             Slain by an adder skeleton (3 damage)
             ... on level 5 of the Dungeon.
             The game lasted 00:08:40 (6420 turns).

Froggeryz the Cudgeller (Gargoyle Delver)           Turns: 6420, Time: 00:08:41

Health: -1/61      AC: 23    Str: 17      XL:     7   Next: 44%
Magic:  7/7        EV:  2    Int:  8 (11) God:    Okawaru [......]
Gold:   196        SH:  0    Dex: 11      Spells: 6/6 levels left

rFire    . . .     SeeInvis .   a - +1 mace
rCold    . . .     Faith    .   (no shield)
rNeg     + + +     Spirit   .   (armour currently unavailable)
rPois    ∞         Reflect  .   (helmet currently unavailable)
rElec    .         Harm     .   (cloak currently unavailable)
rCorr    .         Rampage  .   (gloves currently unavailable)
Will     .....     NoTele   +   (boots currently unavailable)
Stlth    +++.......             (no amulet)
HPRegen  0.20/turn              (no ring)
MPRegen  0.10/turn              (no ring)

@: tree-form, on berserk cooldown, slowed, very slow
A: stationary, stasis, torment immunity, boosted hp, sickness immunity, AC +4,
negative energy resistance 1, (electricity resistance), torment resistance 1,
petrification resistance, sense surroundings 1, wild magic 1
a: Renounce Religion


You were on level 5 of the Dungeon.
You worshipped Okawaru.
Okawaru was noncommittal.
You were a tree.
You visited 2 branches of the dungeon, and saw 6 of its levels.

You collected 196 gold pieces.

Inventory:

Hand Weapons
 a - a +1 mace (weapon)
Missiles
 j - 43 poisoned darts
 o - 3 boomerangs (quivered)
 y - a throwing net
Armour
 e - a scarf of resistance (melded)
 l - a +0 scale mail (melded)
 q - a +0 helmet (melded)
Wands
 g - a wand of digging (3)
 k - a wand of polymorph (7)
Scrolls
 b - a scroll of amnesia {unknown}
 c - a scroll of fog
 d - a scroll of magic mapping
 f - 5 scrolls of noise {unknown}
 m - 2 scrolls of identify
 p - a scroll of blinking
 r - a scroll of teleportation
 t - 2 scrolls of enchant armour {unknown}
 u - 2 scrolls of summoning {unknown}
Potions
 i - 2 potions of might
 n - a potion of degeneration


   Skills:
 - Level 3.2 Fighting
 * Level 7.0 Maces & Flails
 - Level 2.0 Throwing
 + Level 3.0 Armour
 - Level 1.5 Dodging
 - Level 5.4 Stealth


You had 6 spell levels left.
You didn't know any spells.
Your spell library was empty.

Dungeon Overview and Level Annotations

Branches:
Dungeon (5/15)             Temple (1/1) D:5

Altars:
Dithmenos
Fedhas
Gozag
Nemelex Xobeh
Okawaru
Qazlal
Ru
Trog
Vehumet
Wu Jian
Yredelemnul
Zin
The Shining One

Shops:
D:3 [


Innate Abilities, Weirdness & Mutations

You are a tree.
Your roots penetrate the ground, keeping you stationary.
You cannot be teleported.
You are immune to unholy pain and torment.
Your maximum health is greatly increased.
Your equipment is partially melded.
You are immune to sickness and miasma.
((Your stone body is resilient. (AC +4)))
You are immune to poison.
You resist negative energy. (rN+)
((You are resistant to electric shocks. (rElec)))
You are resistant to unholy torment.
You are immune to petrification.
You passively map a small area around you.
Your spells are a little harder to cast, but a little more powerful.


Message History

The wyvern zombie bites you but does no damage.
You hit the wyvern zombie.
You destroy the wyvern zombie!
Okawaru accepts your kill.
You are no longer berserk.
You are exhausted.
You feel yourself slow down. The orc hits you but does no damage.
You feel your strength returning.
Your Maces & Flails skill increases to level 7!
Your Armour skill increases to level 3!
You closely miss the orc. The orc hits you but does no damage.
The adder skeleton bites you.
* * * LOW HITPOINT WARNING * * *
The orc hits you but does no damage.
You hit the orc but do no damage.
The adder skeleton bites you but does no damage.
The orc hits you with a +0 morningstar.
* * * LOW HITPOINT WARNING * * *
The adder skeleton bites you.
* * * LOW HITPOINT WARNING * * *
You barely miss the orc. The orc hits you but does no damage.
The adder skeleton bites you but does no damage.
The orc hits you but does no damage.
The adder skeleton bites you but does no damage.
Okay, then.
As you read the scroll of fear, it crumbles to dust.
You assume a fearsome visage.
The orc looks frightened!
The adder skeleton is unaffected.
The adder skeleton bites you but does no damage.
You hit the adder skeleton.
The adder skeleton is moderately damaged.
The adder skeleton bites you but does no damage.
The adder skeleton barely misses you.
You barely miss the adder skeleton.
The adder skeleton is moderately damaged.
The adder skeleton bites you but does no damage. x2
You completely miss the adder skeleton.
The adder skeleton is moderately damaged.
The adder skeleton bites you.
You die...

#.....# #.. . *
#.....#,* , ##. *
.. ,,###.### *,
... #...# ,* * #
.... ,#.⌠.# , . .
* .)... #(..# ...
, .
......##.###....
.........†......
* ,
###.....♣Z......
, ,
................
*
#####...........,
, ,
,...##........ ,
* * #...
#...##.o. **.....
##...,... * *
....., ...., # ,,
,... ....# , * *


You could see an orc (fleeing) and an adder skeleton.

Vanquished Creatures
  A wyvern zombie (D:5)
  A water moccasin skeleton (D:5)
  2 jellies
  2 orc priests (D:4)
  Jessica (D:2)
  Ijyb (D:3)
  4 orc wizards
  4 gnolls
  10 adders
  An ufetubus (D:4)
  2 worms (D:2)
  9 dart slugs
  11 orcs
  6 ball pythons
  6 endoplasms
  3 giant cockroaches
  8 goblins
  10 hobgoblins
  2 jackals (D:5)
  2 quokkas
  A bat (D:2)
  2 frilled lizards
  6 kobolds
  5 rats
100 creatures vanquished.

Vanquished Creatures (others)
  An iguana (D:5)
  2 dart slugs (D:5)
  5 plants
8 creatures vanquished.

Grand Total: 108 creatures vanquished

Notes
Turn   | Place    | Note
-------+----------+-------------------------------------------
     0 | D:5      | Froggeryz the Gargoyle Delver began the quest for the Orb.
     0 | D:5      | Reached XP level 1. HP: 14/14 MP: 1/1
     3 | D:5      | Killed an iguana
   101 | D:3      | Found a sacrificial altar of Ru.
   110 | D:3      | Noticed an iguana
   128 | D:3      | Noticed an orc wizard
   149 | D:2      | Noticed Jessica
   446 | D:2      | Killed Jessica
   447 | D:2      | Reached skill level 3 in Maces & Flails
   447 | D:2      | Reached XP level 2. HP: 8/19 MP: 2/2
   447 | D:2      | Reached XP level 3. HP: 10/23 MP: 3/3
  1047 | D:1      | Reached skill level 4 in Maces & Flails
  1838 | D:2      | Reached XP level 4. HP: 28/28 MP: 4/4
  2191 | D:2      | Reached skill level 1 in Throwing
  2640 | D:2      | Reached XP level 5. HP: 28/32 MP: 5/5
  2858 | D:3      | Noticed Ijyb
  2871 | D:3      | Killed Ijyb
  2872 | D:3      | Reached skill level 5 in Maces & Flails
  3032 | D:3      | Gained mutation: You passively map a small area around you.
                  | [potion of mutation]
  3032 | D:3      | Gained mutation: Your spells are a little harder to cast,
                  | but a little more powerful. [potion of mutation]
  3599 | D:3      | Found a faded altar of an unknown god.
  3633 | D:3      | Reached XP level 6. HP: 13/37 MP: 6/6
  4115 | D:3      | Found Aneomp's Antique Armour Boutique.
  4293 | D:3      | Reached skill level 1 in Armour
  5112 | D:3      | Reached skill level 6 in Maces & Flails
  5869 | D:4      | Reached XP level 7. HP: 34/41 MP: 7/7
  6283 | D:5      | Found a staircase to the Ecumenical Temple.
  6296 | Temple   | Entered the Ecumenical Temple
  6365 | Temple   | Became a worshipper of Warmaster Okawaru
  6401 | D:5      | HP: 1/61 [wyvern zombie (3)]
  6414 | D:5      | Reached skill level 7 in Maces & Flails
  6415 | D:5      | HP: 3/61 [orc/+0 morningstar (5)]
  6415 | D:5      | HP: 1/61 [adder skeleton (2)]
  6420 | D:5      | Slain by an adder skeleton

Illustrated notes

Levels and vault maps discovered:
D:1:      shiori_arrival_elements, layout_basic
D:2:      layout_basic, uniq_jessica
D:3:      layout_loops_ring, nicolae_ru_awakened_eye, serial_shops,
          nicolae_shop_overgrown_old_shop, shapermc_ecumenical_altar_venn,
          minmay_misc_feat_five, uniq_ijyb
D:4:      layout_gridville
D:5:      layout_cave_pools, xom_confusion_cloud,
          nicolae_sif_muna_little_library, minmay_temple_entry_antechambers,
          serial_co_window_serial, co_window_paths_a, co_window_paths_b,
          co_window_paths_a, co_window_paths_a, co_window_corner_a,
          co_window_2corner, co_window_corner_b, co_window_paths_c,
          co_window_paths_c, co_window_broadway_c, glass_columns_c,
          glass_columns_c, glass_columns_a, gup_sewer_entry_pipe, dk_vineyard_1,
          chequers_jeans, serial_bayou_pond_e
Temple:   regret_index_temple_sphere_string

Skill      XL: |  1  2  3  4  5  6  7 |
---------------+----------------------+-----
Maces & Flails | 3 4 5 6 7 |  7.0
Throwing       | 1 2 |  2.0
Armour         | 2 3 |  3.0
Fighting       | |  3.2
Dodging        | |  1.5
Stealth        | |  5.4

Action                   |  1- 3 |  4- 6 |  7- 9 || total
-------------------------+-------+-------+-------++-------
Melee: Mace              |    67 |   275 |    44 ||   386
       Unarmed           |       |     6 |       ||     6
Throw: Dart              |    10 |       |       ||    10
       Boomerang         |       |    32 |    13 ||    45
  Use: Potion            |     1 |     4 |     5 ||    10
       Scroll            |       |     6 |     1 ||     7
 Stab: Sleeping          |     5 |       |     1 ||     6
Armor: Leather armour    |    30 |    71 |       ||   101
       Skin              |       |     2 |    31 ||    33
       Scale mail        |       |    75 |    16 ||    91
Dodge: Dodged            |    46 |   152 |    13 ||   211

Table legend: (Time is in decaauts)
 A = Elapsed time spent in this place.
 B = Non-inter-level travel time spent in this place.
 C = Inter-level travel time spent in this place.
 D = Time resting spent in this place.
 E = Time spent auto-exploring this place.
 F = Levels seen in this place.
 G = Mean time per level.
                   A        B        C        D        E       F      G
               +--------+--------+--------+--------+--------+-----+--------+
         Total |   6473 |   6346 |    127 |   2032 |   3042 |   6 | 1078.8 |
       Dungeon |   6393 |   6266 |    127 |   2032 |   3042 |   5 | 1278.6 |
        Temple |     79 |     79 |      0 |      0 |      0 |   1 |   79.0 |
               +--------+--------+--------+--------+--------+-----+--------+

Top non-repeatable levels by time:
     D:3: 1908 daAuts
     D:2: 1810 daAuts
     D:4: 1338 daAuts
     D:1: 1200 daAuts
     D:5: 135 daAuts
  Temple: 79 daAuts
